Map: Whirlwind LE (Void)

Players

MarineLorD - Winner!

  • Race: Terran Terran
  • League: Master
  • Spawn Location: 11:00

Mark

  • Race: Zerg Zerg
  • League: Master
  • Spawn Location: 1:00

Event: NationWars IV

VOD

Have the link to the VOD?

Description

Time

  • Played on: Jan. 6, 2017, 2:02 p.m.
  • Length: 9:16
Show
View Real Time Build Order
Export as new Build Order

MarineLorD Terran - Winner!

Build Orders: Reaper Expand, MMM Bio 

Get SALT Encoding   

  12  0:00  SCV  
  13  0:12  SCV  
  14  0:17  Supply Depot  
  14  0:24  SCV  
  15  0:38  SCV  
  15  0:40  Barracks  
  16  0:45  Refinery  
  16  0:50  SCV  
  17  1:02  SCV  
  18  1:15  SCV  
  19  1:27  Orbital Command  
  19  1:31  Reaper  
  20  1:37  Command Center  
  20  1:49  Barracks  
  20  1:52  SCV  
  21  2:01  Supply Depot  
  21  2:03  Barracks Reactor  
  21  2:05  SCV  
  22  2:17  SCV  
  22  2:18  Refinery  
  23  2:29  Factory, SCV  
  23  2:38  Barracks Tech Lab  
  23  2:39  Marine x2  
  23  2:41  SCV  
  25  3:04  Marine  
  25  3:08  Marine  
  25  3:09  Marine, Stimpack  
  25  3:11  SCV  
  28  3:14  Hellion  
  28  3:17  Orbital Command  
  30  3:23  Marine, SCV  
  30  3:26  Marine  
  33  3:27  Marine  
  34  3:35  SCV  
  34  3:40  Marine  
  36  3:44  Marine  
  36  3:45  Starport, SCV  
  38  3:49  SCV  
  38  3:51  Factory Reactor  
  38  3:52  Marine  
  40  3:57  SCV  
  40  4:01  SCV  
  42  4:03  Supply Depot  
  42  4:05  Marine x2  
  45  4:10  Marine, SCV  
  45  4:16  Supply Depot  
  46  4:24  Marine x2, SCV x2  
  46  4:27  Supply Depot  
  46  4:28  Marine  
  51  4:36  SCV x2  
  53  4:39  Medivac, Supply Depot  
  53  4:41  Medivac  
  57  4:48  SCV x2  
  57  4:51  Marine x3  
  62  4:58  Supply Depot  
  62  5:00  SCV x2  
  64  5:08  Engineering Bay x2  
  64  5:12  Combat Shields  
  64  5:17  Marine, SCV x2  
  67  5:22  Marauder, Marine  
  67  5:23  Factory Tech Lab  
  67  5:27  Refinery  
  70  5:29  SCV x2  
  70  5:32  Supply Depot  
  70  5:35  Marine  
  73  5:40  Marine  
  72  5:43  Marine, SCV  
  72  5:46  Siege Tank  
  77  5:50  Terran Infantry Weapons Level 1, Terran Infantry Armor Level 1  
  77  5:53  Marine  
  78  5:57  Marine  
  78  6:02  Marine  
  78  6:09  SCV x2  
  78  6:10  Marine  
  80  6:13  Command Center  
  80  6:15  Marine  
  81  6:20  Marine  
  81  6:21  Siege Tank  
  85  6:27  SCV  
  85  6:28  Supply Depot  
  85  6:29  Supply Depot, SCV  
  87  6:33  Barracks  
  87  6:34  Medivac  
  87  6:35  Medivac  
  87  6:39  Marine, Refinery  
  93  6:40  Marine, SCV  
  94  6:49  SCV  
  94  6:51  Marine  
  94  6:58  Armory  
  94  7:00  Barracks x2  
  94  7:04  Missile Turret  
  94  7:07  Medivac  
  96  7:09  SCV  
  96  7:10  SCV, Siege Tank  
  96  7:12  Marine x2  
  96  7:13  Marine  
  104  7:22  SCV  
  105  7:23  Barracks Tech Lab  
  105  7:24  Orbital Command  
  105  7:26  SCV  
  105  7:29  Supply Depot  
  106  7:30  Supply Depot  
  106  7:34  SCV  
  105  7:38  SCV  
  105  7:39  Marauder, Marine x2  
  110  7:48  Siege Tank  
  110  7:50  Orbital Command  
  113  7:54  Barracks Tech Lab, Barracks Reactor  
  113  7:56  SCV  
  113  7:57  SCV  
  115  8:00  Marauder  
  117  8:08  SCV  
  117  8:11  Refinery  
  117  8:12  Marine  
  115  8:17  Marauder  
  115  8:18  Marauder  
  119  8:23  Missile Turret, SCV x2  
  121  8:27  Siege Tank  
  124  8:34  SCV  
  124  8:35  SCV  
  124  8:37  Marine, Supply Depot x2  
  124  8:38  Marauder  
  129  8:42  Marauder, Marine  
  129  8:46  Medivac x2  
  136  8:49  SCV x2  
  136  8:53  Marine x3, Refinery  
  136  8:55  Marine  
Show
View Real Time Build Order
Export as new Build Order

Mark Zerg 

Build Orders: Pool First 

Get SALT Encoding   

  12  0:01  Drone  
  13  0:12  Overlord  
  13  0:18  Drone  
  14  0:31  Drone x2  
  17  0:35  Drone  
  17  0:45  Spawning Pool  
  17  0:49  Drone  
  17  1:10  Hatchery  
  16  1:13  Drone  
  17  1:33  Zergling x4  
  17  1:34  Zergling x2  
  17  1:35  Queen  
  22  1:45  Overlord  
  22  1:58  Extractor  
  22  1:59  Drone  
  23  2:06  Drone  
  24  2:13  Queen  
  26  2:16  Drone  
  27  2:24  Queen  
  27  2:26  Drone  
  27  2:27  Drone  
  31  2:41  Overlord  
  31  2:46  Drone x3  
  31  2:47  Drone x2  
  35  2:59  Queen  
  35  3:03  Extractor  
  35  3:04  Extractor  
  33  3:06  Drone x2  
  35  3:18  Drone x3  
  35  3:19  Roach Warren  
  37  3:21  Drone  
  37  3:24  Hatchery  
  37  3:26  Drone x2  
  39  3:31  Drone  
  39  3:32  Drone  
  41  3:38  Overlord  
  41  3:39  Drone  
  41  3:40  Drone  
  43  3:50  Evolution Chamber  
  43  3:53  Lair  
  42  3:55  Drone  
  42  3:56  Drone  
  42  4:00  Drone, Evolution Chamber  
  42  4:01  Drone  
  45  4:06  Drone x3  
  48  4:10  Extractor, Drone  
  48  4:11  Drone  
  49  4:17  Spore Crawler  
  49  4:18  Drone x2  
  49  4:23  Overlord  
  50  4:26  Overlord  
  50  4:28  Roach  
  52  4:34  Spore Crawler  
  52  4:37  Roach x2  
  55  4:39  Roach  
  55  4:42  Roach  
  61  4:45  Roach  
  61  4:48  Roach  
  63  4:59  Roach, Overseer  
  65  5:01  Roach  
  65  5:02  Roach  
  65  5:04  Roach  
  65  5:07  Overlord  
  71  5:09  Roach  
  73  5:17  Overlord x2  
  73  5:20  Overlord  
  73  5:23  Overlord  
  73  5:28  Overlord  
  73  5:32  Overlord x2  
  73  5:36  Roach  
  73  5:37  Roach  
  73  5:42  Roach  
  81  5:43  Roach  
  81  5:47  Roach  
  81  5:48  Roach  
  85  5:50  Roach  
  85  5:54  Roach  
  89  5:57  Roach  
  89  6:02  Roach Warren, Metabolic Boost  
  86  6:10  Overlord, Drone  
  88  6:11  Drone x2  
  89  6:20  Overlord x2  
  89  6:35  Overlord x2  
  89  6:46  Roach x4  
  89  6:47  Roach  
  97  6:52  Zergling x2  
  97  6:53  Overlord x4  
  98  6:56  Overlord  
  98  6:57  Zergling x2  
  99  7:02  Roach  
  99  7:03  Overlord, Ravager x3  
  99  7:04  Zergling x2  
  99  7:07  Zergling x2  
  99  7:08  Zergling x2  
  107  7:09  Zergling x2, Ravager  
  107  7:10  Ravager x2  
  107  7:13  Zergling x2  
  107  7:14  Zergling x2  
  113  7:16  Zergling x2  
  113  7:17  Zergling x2  
  115  7:32  Overlord x3  
  115  7:35  Zergling x4  
  115  7:36  Zergling x2  
  119  7:37  Zergling x2  
  119  7:39  Roach x2  
  119  7:42  Zergling x4  
  119  7:43  Zergling x4  
  127  7:47  Zergling x4  
  127  7:48  Zergling x2  
  127  7:49  Zergling x2  
  131  7:51  Zergling x2  
  131  7:52  Zergling x2  
  131  7:54  Zergling x2  
  131  7:55  Ravager x2  
  135  7:58  Zergling x2  
  135  8:00  Zergling x4  
  135  8:01  Ravager  
  135  8:02  Zergling x2  
  135  8:05  Zergling x2  
  141  8:06  Zergling x2  
  141  8:09  Zergling x2  
  136  8:15  Zergling x2  
  116  8:23  Overlord x3  
  116  8:24  Overlord  
  115  8:28  Overlord  
  115  8:29  Overlord  
  114  8:49  Zergling x14  
  114  8:51  Zergling x2  
  114  8:52  Roach Warren  
  114  8:53  Zergling x2  
  114  8:54  Zergling x2  
  119  8:56  Zergling x2  
Tags
 
Add a new tag
Caveats
  • Supply blocks, unpowered buildings, or Contaminate may cause inaccurate times.
  • Supply counts are checked every 10 seconds.